AoeStats
← 开心不易

MegaRandom

510713270Analyzed
4v4 RM · 15h ago on Oct 2, 2026· 22m 9s· 8 players
Game mode
Random Map
Map size
Large (8 player)
Population
200
Speed
Normal
Resources
Standard
Victory
Conquest
Starting age
Dark Age
Ending age
Imperial Age
RankedLock teamsTeams togetherTeam positionsShared explorationLock speedFull tech treeHidden civsTurbo modeCheats
Victory
Defeat
🇨🇳 Persians · China
1447
+15
🇨🇳 Magyars · China
1444
+15
🇻🇳 Vietnamese · Vietnam
1418
+16
🇨🇳 Burgundians · China
1404
+16
🇪🇸 Varangians · Spain
1444
-17
🇨🇿 Britons · Czechia
1439
-16
🇨🇭 Saxons · Switzerland
1429
-16
🇨🇳 Huns · China
1353
-13
国产男子汉
8:47 Double-Bit Axe
8:52 Loom
12:15 Feudal Age
10:29 Horse Collar
13:45 Bow Saw
16:32 Castle Age
15:13 Gold Mining
18:26 Wheelbarrow
17:58 Scale Mail Armor
18:08 Forging
20:36 Iron Casting
951341856
9:12 Feudal Age
10:20 Double-Bit Axe
10:40 Loom
13:08 Gold Mining
15:03 Bloodlines
15:03 Scale Barding Armor
18:59 Castle Age
19:22 Horse Collar
19:20 Light Cavalry
20:00 Husbandry
VNS__Pan
9:49 Feudal Age
8:21 Loom
14:37 Castle Age
14:11 Double-Bit Axe
14:45 Horse Collar
14:57 Gold Mining
21:11 Medium Warships
开心不易
6:34 Loom
16:54 Feudal Age
17:13 Horse Collar
17:19 Double-Bit Axe
20:41 Town Watch
23:58 Castle Age
maniak
3:23 Loom
10:40 Feudal Age
11:30 Double-Bit Axe
16:35 Castle Age
18:00 Fishing Lines
19:03 Gold Mining
20:23 Fletching
21:14 Man-at-Arms
21:39 Gambesons
CARANZA
3:15 Loom
10:55 Feudal Age
11:42 Double-Bit Axe
16:24 Castle Age
16:02 Bloodlines
17:10 Forging
17:40 Husbandry
20:40 Wheelbarrow
21:54 Horse Collar
22:25 Bow Saw
lorddoc
2:41 Loom
14:29 Feudal Age
18:56 Castle Age
19:22 Fletching
19:32 Padded Archer Armor
19:29 Double-Bit Axe
20:05 Bodkin Arrow
21:32 Wheelbarrow
后入显风格
6:29 Loom
10:18 Feudal Age
14:01 Castle Age
13:25 Fletching
13:46 Double-Bit Axe
17:15 Wheelbarrow
20:37 Scale Mail Armor
Connection lost

Rejoining the realm…

Still unreachable

The connection could not be restored.

Session expired

The server has moved on; the page needs a fresh start.